AoeStats
← 1109919864

Arena

510304463Analyzed
3v3 RM · 2d ago on Sep 30, 2026· 51m 47s· 6 players
Game mode
Random Map
Map size
Normal (6 player)
Population
200
Speed
Normal
Resources
Standard
Victory
Conquest
Starting age
Dark Age
Ending age
Imperial Age
RankedLock teamsTeams togetherTeam positionsShared explorationLock speedFull tech treeHidden civsTurbo modeCheats
Victory
Defeat
🇮🇳 Malians · India
1200
+11
🇮🇳 Lithuanians · India
1199
+11
🇮🇳 Byzantines · India
755
+28
🇨🇳 Franks · China
1094
-17
🇫🇷 Vietnamese · France
1087
-17
🇨🇳 Malay · China
1058
-16
Lurker
11:03 Feudal Age
12:16 Loom
14:52 Castle Age
13:01 Horse Collar
15:24 Double-Bit Axe
35:21 Imperial Age
33:55 Gold Mining
36:25 Gold Shaft Mining
36:07 Fortified Wall
36:11 Bloodlines
36:01 Husbandry
35:23 Heavy Camel Rider
36:37 Scale Barding Armor
36:43 Forging
37:39 Wheelbarrow
36:49 Town Watch
37:07 Heavy Plow
37:19 Bow Saw
37:01 Cavalier
37:06 Light Cavalry
37:11 Cavalier
40:40 Chain Barding Armor
40:55 Iron Casting
41:06 Conscription
41:19 Conscription
42:09 Farimba
42:15 Stone Mining
45:37 Squires
45:39 Scale Mail Armor
46:21 Hand Cart
46:06 Town Patrol
46:42 Crop Rotation
47:37 Light Cavalry
48:14 Light Cavalry
bmo
11:43 Feudal Age
12:09 Double-Bit Axe
12:32 Horse Collar
19:46 Castle Age
20:36 Heavy Plow
20:46 Bow Saw
29:40 Husbandry
35:50 Imperial Age
33:57 Forging
33:53 Scale Barding Armor
33:51 Scale Mail Armor
34:16 Ballistics
34:51 Wheelbarrow
35:48 Hand Cart
36:10 Treadmill Crane
36:02 Onager
36:07 Cavalier
38:02 Two-Man Saw
40:10 Paladin
42:13 Chemistry
44:46 Iron Casting
44:43 Gold Mining
52:14 Chain Barding Armor
52:10 Chain Mail Armor
Aaaaaaah Do
9:51 Feudal Age
11:10 Loom
14:18 Castle Age
14:06 Horse Collar
22:39 Double-Bit Axe
22:56 Heavy Plow
23:01 Gold Mining
23:55 Husbandry
24:06 Bloodlines
25:04 Bow Saw
36:22 Wheelbarrow
36:11 Scale Barding Armor
36:17 Forging
37:10 Stone Mining
40:09 Imperial Age
38:39 Chain Barding Armor
39:10 Hand Cart
39:32 Treadmill Crane
40:04 Fortified Wall
40:52 Iron Casting
41:10 Stone Shaft Mining
40:12 Cavalier
41:39 Conscription
43:07 Two-Man Saw
42:43 Crop Rotation
43:22 Paladin
46:03 Town Watch
47:53 Plate Barding Armor
47:34 Town Patrol
51:26 Elite Leitis
DANSLESBOULES
10:14 Feudal Age
14:30 Castle Age
12:23 Double-Bit Axe
12:54 Horse Collar
15:55 Bow Saw
16:59 Loom
17:50 Wheelbarrow
20:11 Town Watch
24:02 Hand Cart
28:39 Imperial Age
28:28 Town Patrol
28:54 Elite Skirmisher
30:40 Chemistry
30:00 Ballistics
29:42 Padded Archer Armor
31:18 Fletching
30:58 Imperial Skirmisher
32:02 Bodkin Arrow
33:54 Paper Money
34:18 Heavy Plow
35:21 Two-Man Saw
34:12 Elite Fire Lancer
34:39 Arson
35:08 Squires
35:10 Scale Mail Armor
35:20 Forging
37:41 Chain Mail Armor
38:02 Iron Casting
37:27 Padded Archer Armor
38:57 Crop Rotation
38:21 Gold Mining
38:21 Stone Mining
39:14 Pikeman
40:27 Plate Mail Armor
39:59 Bracer
40:09 Halberdier
饱受摧残的萌新
9:50 Feudal Age
14:53 Castle Age
13:09 Double-Bit Axe
15:52 Loom
18:05 Pikeman
20:54 Squires
21:31 Horse Collar
23:33 Bow Saw
26:05 Wheelbarrow
28:59 Loom
37:19 Heavy Plow
37:15 Gold Mining
38:59 Gold Shaft Mining
44:11 Imperial Age
41:32 Town Watch
42:05 Hand Cart
41:36 Man-at-Arms
42:14 Stone Mining
42:18 Long Swordsman
42:52 Fletching
43:15 Forging
44:08 Stone Shaft Mining
44:07 Crop Rotation
43:26 Treadmill Crane
43:57 Masonry
44:32 Two-Handed Swordsman
45:00 Arson
45:53 Iron Casting
45:28 Halberdier
46:03 Fletching
47:39 Blast Furnace
46:47 Forced Levy
48:58 Chemistry
1109919864
9:41 Feudal Age
10:25 Loom
14:03 Castle Age
12:08 Double-Bit Axe
13:20 Scale Barding Armor
17:37 Chain Barding Armor
20:53 Husbandry
23:25 Forging
30:04 Iron Casting
32:13 Wheelbarrow
32:55 Gold Mining
36:14 Imperial Age
35:56 Gold Shaft Mining
38:12 Plate Barding Armor
38:06 Stone Mining
40:14 Cavalier
41:30 Bow Saw
42:56 Conscription
42:19 Ordonnance Companies
45:06 Blast Furnace
46:42 Hand Cart
46:58 Town Watch
47:15 Paladin
Connection lost

Rejoining the realm…

Still unreachable

The connection could not be restored.

Session expired

The server has moved on; the page needs a fresh start.